 Dungeon Crawl Stone Soup version 0.31-a0-1549-g5ff9445 (webtiles) character file.

Game seed: 605212832717563696

1648679 seeu12 the Wrestler (level 27, 155/155 HPs)
             Began as a Vine Stalker Fighter on Jan 2, 2024.
             Was the Champion of Okawaru.
             Escaped with the Orb
             ... and 3 runes!
             The game lasted 02:21:14 (72464 turns).

seeu12 the Wrestler (Vine Stalker Fighter)         Turns: 72464, Time: 02:21:15

Health: 155/155    AC: 13    Str: 40    XL:     27
Magic:  39/39      EV: 34    Int: 12    God:    Okawaru [******]
Gold:   4108       SH: 34    Dex: 27    Spells: 44/48 levels left

rFire   + .          .
                       - Unarmed
rCold   + . .        F - +2 tower shield {rF+}
rNeg    + . .        X - +2 steam dragon scales "Adaigear" {Regen+ Str+5}
rPois   .            N - +0 hat "Sumugutiom" {Str+5 Slay+3}
rElec   +            Z - scarf "Loecani" {repulsion, Rampage rC+ Dex+6}
rCorr   +            K - +0 pair of gloves
SInv    .            P - +0 pair of boots of Faumogof {rElec}
Will    +++..        r - amulet of reflection
Stlth   ++           B - ring "Abetuibu" {rN+ Dex+6}
HPRegen 2.05/turn    W - ring of resist corrosion
MPRegen 0.26/turn

%: repel missiles, reflection, guardian spirit, rampage
@: heroic, studying Earth Magic
A: fangs 3, regeneration 1, magic shield, antimagic bite, no potion heal 2,
clever 1
0: Orb of Zot
}: 3/15 runes: barnacled, silver, gossamer
a: Renounce Religion, Heroism, Finesse, Duel


You escaped.
You worshipped Okawaru.
Okawaru was exalted by your worship.
You visited 11 branches of the dungeon, and saw 49 of its levels.
You visited 3 bazaars.
You also visited: Trove and Ice Cave.

You collected 10097 gold pieces.
You spent 5989 gold pieces at shops.

Inventory:

Missiles
 n - 56 boomerangs
 x - 14 curare-tipped darts
 y - 12 silver javelins
 D - 11 throwing nets
 G - 44 javelins
Armour
 F - a +2 tower shield of fire resistance (worn)
 K - a +0 pair of gloves (worn)
 N - the +0 hat "Sumugutiom" (worn) {Str+5 Slay+3}
   (You found it in a treasure trove)

   Str+5:     It affects your strength (+5).
   Slay+3:    It affects your accuracy & damage with ranged weapons and melee
   (+3).
 P - the +0 pair of boots of Faumogof (worn) {rElec}
   (Okawaru gifted it to you on level 1 of the Lair of Beasts)

   rElec:     It insulates you from electricity.
 X - the +2 steam dragon scales "Adaigear" (worn) {Regen+ Str+5}
   (You bought it in a shop on level 12 of the Dungeon)

   Str+5:     It affects your strength (+5).
   Regen+:    It increases your rate of health regeneration.
 Z - the scarf "Loecani" (worn) {repulsion, Rampage rC+ Dex+6}
   (You bought it in a shop in a bazaar)

   Dex+6:     It affects your dexterity (+6).
   rC+:       It protects you from cold.
   Rampage:   It bestows one free step when moving towards enemies.
Jewellery
 j - a ring of see invisible
 o - a ring of flight
 r - an amulet of reflection (around neck)
 B - the ring "Abetuibu" (left hand) {rN+ Dex+6}
   (You took it off a deep elf annihilator on level 3 of the Elven Halls)

   [ring of dexterity]

   Dex+6:     It affects your dexterity (+6).
   rN+:       It protects you from negative energy.
 C - the ring "Luilunar" {rC+ AC+4}
   (You found it in a treasure trove)

   [ring of protection]

   AC+4:      It affects your AC (+4).
   rC+:       It protects you from cold.
 W - a ring of resist corrosion (right hand)
Talismans
 v - a granite talisman
Wands
 w - a wand of digging (11)
 I - a wand of paralysis (15)
 M - a wand of roots (61)
 Q - a wand of quicksilver (43)
 V - a wand of polymorph (7)
Scrolls
 a - 4 scrolls of brand weapon
 b - 22 scrolls of identify
 d - 20 scrolls of teleportation
 h - 7 scrolls of amnesia
 i - 9 scrolls of immolation
 p - 5 scrolls of enchant armour
 t - 2 scrolls of silence
 u - 5 scrolls of fog
 H - 10 scrolls of noise
 L - 13 scrolls of vulnerability
 T - 3 scrolls of torment
Potions
 c - 5 potions of might
 e - 7 potions of mutation
 f - 15 potions of curing
 k - 11 potions of brilliance
 l - 10 potions of attraction
 m - 8 potions of magic
 q - 4 potions of haste
 s - 10 potions of enlightenment
 z - 9 potions of cancellation
 E - 12 potions of lignification
 J - a potion of resistance
 O - 5 potions of invisibility
 R - 16 potions of ambrosia
 U - a potion of berserk rage


   Skills:
 + Level 19.4(24.4) Fighting
 - Level 5.2(10.2) Throwing
 - Level 8.0(13.0) Armour
 + Level 16.6(21.6) Dodging
 + Level 19.4(24.4) Shields
 - Level 22.3(27) Unarmed Combat
 - Level 11.0 Spellcasting
 - Level 12.0 Translocations
 - Level 12.0 Invocations
 - Level 20.0 Shapeshifting


You had 44 spell levels left.
You knew the following spells:

 Your Spells              Type           Power      Damage    Failure   Level
a - Manifold Assault      Tloc           35%        N/A       1%          4

Your spell library contained the following spells:

 Spells                   Type           Power      Damage    Failure   Level
 Lesser Beckoning         Tloc           70%        N/A       1%          2
 Gell's Gravitas          Tloc           35%        N/A       1%          3
 Teleport Other           Tloc           35%        N/A       1%          3
 Volatile Blastmotes      Fire/Tloc      42%        2d13      3%          3
 Iskenderun's Mystic Bla  Conj/Tloc      21%        2d6       10%         4
 Vhi's Electric Charge    Tloc/Air       42%        N/A       10%         4
 Foxfire                  Conj/Fire      24%        2x1d5     12%         1
 Kiss of Death            Conj/Necr      24%        2d7       12%         1
 Necrotise                Necr           24%        1d5       12%         1
 Shock                    Conj/Air       24%        1d4       12%         1
 Sting                    Conj/Alch      24%        1d4       12%         1
 Dispersal                Tloc           17%        N/A       13%         6
 Cigotuvi's Dreadful Rot  Necr/Alch/Air  12%        N/A       19%         2
 Ensorcelled Hibernation  Hex/Ice        12%        N/A       19%         2
 Mercury Vapours          Alch/Air       12%        N/A       19%         2
 Scorch                   Fire           12%        2d5       19%         2
 Static Discharge         Conj/Air       12%        3-4/arc   19%         2
 Confusing Touch          Hex            6%         N/A       34%         3
 Dazzling Flash           Conj/Hex       12%        N/A       34%         3
 Fugue of the Fallen      Necr           6%         N/A       34%         3
 Inner Flame              Hex/Fire       6%         N/A       34%         3
 Mephitic Cloud           Conj/Alch/Air  6%         N/A       34%         3
 Ozocubu's Armour         Ice            6%         N/A       34%         3
 Passwall                 Erth           6%         N/A       34%         3
 Stone Arrow              Conj/Erth      12%        3d7       34%         3
 Swiftness                Air            6%         N/A       34%         3
 Vampiric Draining        Necr           6%         2d6       34%         3
 Airstrike                Air            3%         2d(1-17)  75%         4
 Dispel Undead            Necr           6%         3d8       75%         4
 Flame Wave               Conj/Fire      6%         2d5       75%         4
 Fulminant Prism          Conj/Alch      3%         3d5       75%         4
 Ignite Poison            Fire/Alch      6%         N/A       75%         4
 Leda's Liquefaction      Alch/Erth      3%         N/A       75%         4
 Olgreb's Toxic Radiance  Alch           6%         N/A       75%         4
 Alistair's Intoxication  Alch           4%         N/A       97%         5
 Arcjolt                  Conj/Air       3%         1d13      97%         5
 Borgnjor's Vile Clutch   Necr/Erth      3%         N/A       97%         5
 Curse of Agony           Necr           6%         N/A       97%         5
 Fireball                 Conj/Fire      3%         3d4       97%         5
 Freezing Cloud           Conj/Ice/Air   3%         6-21      97%         5
 Irradiate                Conj/Alch      3%         3d12      97%         5
 Lee's Rapid Deconstruct  Erth           3%         3d5*      97%         5
 Metabolic Englaciation   Hex/Ice        3%         N/A       97%         5
 Silence                  Hex/Air        3%         N/A       97%         5
 Disjunction              Tloc           17%        N/A       99%         8
 Bombard                  Conj/Erth      3%         9d1       100%        6
 Eringya's Noxious Bog    Alch           3%         4d6       100%        6
 Plasma Beam              Fire/Air       3%         2x1d13    100%        6
 Starburst                Conj/Fire      3%         6d3       100%        6
 Ozocubu's Refrigeration  Ice            3%         4d8       100%        7
 Discord                  Hex            3%         N/A       100%        8
 Ignition                 Fire           3%         3d4       100%        8
 Maxwell's Capacitive Co  Air            3%         ∞         100%        8
 Polar Vortex             Ice            3%         N/A       100%        9
 Summon Ice Beast         Ice/Summ       Unusable   N/A       N/A         3
 Tukima's Dance           Hex            Unusable   N/A       N/A         3
 Martyr's Knell           Necr/Summ      Unusable   N/A       N/A         4
 Death Channel            Necr           Unusable   N/A       N/A         6
 Sculpt Simulacrum        Ice/Alch       Unusable   N/A       N/A         6
 Summon Cactus Giant      Summ           Unusable   N/A       N/A         6

Dungeon Overview and Level Annotations

Branches:
Dungeon (15/15)            Temple (1/1) D:4            Lair (5/5) D:11
 Shoals (4/4) Lair:2       Spider (4/4) Lair:2        Slime (0/5) Lair:5
    Orc (2/2) D:11            Elf (3/3) Orc:2        Vaults (5/5) D:14
  Crypt (1/3) Vaults:2     Depths (4/4) D:15            Zot (5/5) Depths:4
  IceCv (visited)

Altars:
Ashenzari
Cheibriados
Dithmenos
Elyvilon
Fedhas
Gozag
Hepliaklqana
Kikubaaqudgha
Makhleb
Nemelex Xobeh
Okawaru
Qazlal
Ru
Sif Muna
Trog
Uskayaw
Vehumet
Wu Jian
Xom
Yredelemnul
Zin
The Shining One
Jiyva
Lugonu

Shops:
D:5 !:[!*   D:7 !   D:12 :[*!*   Orc:2 ?(?:   Shoals:2 =*(:[   Vaults:1 !*
Vaults:3 (   Depths:1 (   Depths:2 ?

Portals:
Hell: Depths:1 Depths:2 Depths:3 Depths:4
Abyss: Depths:1 Depths:2 Depths:3
Pandemonium: Depths:2 Depths:4
Ziggurat: Depths:2

Annotations:
D:4 1 runed translucent door, Remcycle's ghost, amateur MfGl
Lair:5 exclusion: oklob plant


Innate Abilities, Weirdness & Mutations

You have razor-sharp teeth.
Your natural rate of healing is unusually fast.
When hurt, damage is shared between your health and your magic reserves.
Your bite disrupts and absorbs the magic of your enemies.
Potions cannot restore your health.
Your mind is acute. (Int +4, Str/Dex -1)


Message History

Okawaru is honoured by your kill.
You barely miss the lich. You bite the lich!
The lich's magic leaks into the air.
You drain its magic.
You feel invigorated.
The lich is severely damaged.
The large abomination closely misses you.
The lich falters for a moment.
You punch the lich! Your bite misses the lich.
The lich is almost destroyed.
You hit the lich but do no damage. You bite the lich, but do no damage.
The lich is almost destroyed.
You pummel the lich!!
You destroy the lich!
Okawaru accepts your kill.
You block the large abomination's attack.
You pummel the large abomination like a punching bag!!!
You destroy the large abomination!
Okawaru accepts your kill.
Your surroundings suddenly seem different.
An Orb Guardian comes into view.
You see here 6 poisoned darts.
You pummel the Orb Guardian!! You bite the Orb Guardian! You drain its power.
The Orb Guardian is moderately wounded.
The Orb Guardian hits you.
You squash the Orb Guardian like an ant!!!
You bite the Orb Guardian, but do no damage.
The Orb Guardian is almost dead.
You squash the Orb Guardian like an ant!!!
You kill the Orb Guardian!
Okawaru accepts your kill.
There is a stone staircase leading up here.
You climb upwards.
There is a stone staircase leading down here.
There is a stone staircase leading up here.
You climb upwards.
There is a stone staircase leading down here.
Your extra speed is starting to run out.
You feel yourself slow down.
You see here a +0 mace.
There is a staircase leading out of the dungeon here.
You have escaped!

#.#.#.###.####.########..#
#######.#.#.#...#..............#
......#.#.#.#.###.#########..#.#
#####.#.#.#...#...........##.#.#
...##.#...#.###.#####.###.##.#.#
.#.##.###.#.#...#...#...#.##.#.#
.#.##.#.#.#.#.###.#.###.####.#)#
.#)##.#.#...#.....#.).#...##.#.#
.#.##.#.###.###.@.###.###.##.#.#
.#....#.).#...#....(#...#.##.#.#
.########.###.#.###.#.#.#.##.#.#
.# #.#...#...#...#.#.####.#.# .#
#.###.#####.###.#...#..#.# .##
#...........#...#.#.#.##.# ..#
###########.###.#.#.#.#..#.# ..#
#...........#...#.#.#.##.#.##
..###.######.####.###.#.#.##.#...


There were no monsters in sight!

Vanquished Creatures
  Tiamat (Zot:5)
  3 pandemonium lords
  3 dread liches (Zot:5)
  5 orbs of fire
  An ancient lich (Zot:5)
  Vv (Depths:3)
  Sojobo (Depths:2)
  Bai Suzhen (Depths:1)
  2 shard shrikes (Zot:2)
  7 Killer Klowns (Zot:5)
  Saint Roka (Depths:1)
  A curse toe (Zot:2)
  13 golden dragons
  The ghost of Kimaxt the Thanatomancer, a veteran DjAE of Makhleb (Vaults:3)
  Jory (Depths:4)
  A bone dragon (Depths:4)
  Nikola (Elf:3)
  Norris (Vaults:2)
  3 electric golems
  the Enchantress (Depths:2)
  A Hell Sentinel (D:11)
  14 tentacled monstrosities
  5 liches
  5 quicksilver dragons
  27 Orb Guardians
  Zenata (Vaults:2)
  A deep elf blademaster (Elf:3)
  The ghost of ironshield the Black Sun, an adept DsSu of Kikubaaqudgha (Vaults:1)
  2 deep elf master archers (Elf:3)
  2 Executioners
  2 titans
  4 sphinxes
  2 krakens
  Gastronok (D:8)
  Donald (Vaults:3)
  8 death cobs
  Aizul (Elf:3)
  14 shadow dragons
  8 tengu reavers
  Roxanne (Shoals:4)
  Ilsuiw (Shoals:2)
  11 storm dragons
  The ghost of Esequ the Warrior, an adept FoHs of Jiyva (Shoals:1)
  11 protean progenitors
  14 draconian monks
  6 draconian knights
  21 vault wardens
  4 emperor scorpions
  19 frost giants
  3 draconian scorchers
  8 draconian shifters
  6 deep elf elementalists
  9 fire giants
  7 deep elf sorcerers
  A balrug (Depths:1)
  3 cacodemons
  4 orc warlords (Vaults:3)
  18 ironbound preservers
  6 draconian stormcallers
  A reaper (D:9)
  13 ghost moths
  3 spriggan defenders
  5 broodmothers
  7 draconian annihilators
  A caustic shrike skeleton (Depths:2)
  18 very ugly things
  13 stone giants
  A formless jellyfish (Vaults:3)
  12 green draconians
  7 vampire knights
  4 ironbound thunderhulks
  2 dire elephants
  11 black draconians
  6 deep elf death magi
  13 deep elf annihilators
  9 red draconians
  9 purple draconians
  6 deep elf demonologists
  2 war gargoyles (Vaults:5)
  8 yellow draconians
  11 spark wasps
  7 white draconians
  13 crystal guardians
  A green death (Depths:4)
  8 ettins
  A merfolk javelineer (Shoals:4)
  A blizzard demon (Depths:2)
  10 fire dragons
  13 merfolk impalers
  5 deep elf high priests
  14 yaktaur captains
  11 great orbs of eyes
  9 entropy weavers
  9 ice dragons
  3 jorogumos
  A sphinx zombie (Depths:2)
  A rakshasa (Depths:1)
  8 spriggan air magi
  2 hell beasts
  6 hydras
  2 catoblepae
  A peacekeeper (Vaults:2)
  31 vault guards
  Erica (D:9)
  15 ironbound frosthearts
  5 ogre magi
  6 merfolk aquamancers
  4 boulder beetles
  13 centaur warriors
  25 dancing weapons
  3 radroaches
  7 merfolk avatars
  9 two-headed ogres
  6 satyrs
  4 hell hogs (D:12)
  5 alligator snapping turtles
  14 death yaks
  8 deep troll earth magi
  8 deep troll shamans
  4 demonic crawlers
  4 occultists
  6 tengu warriors
  A naga sharpshooter (D:15)
  6 spriggan berserkers
  7 orc high priests
  3 spriggans (Depths:1)
  Nergalle (Orc:1)
  8 hell knights
  10 skysharks
  11 deep elf knights
  3 goliath frogs
  7 sun demons
  2 fire crabs
  Lodul (D:11)
  10 pharaoh ants
  4 sixfirhies
  9 iron trolls
  A salamander mystic (Depths:2)
  64 deep trolls
  18 sea snakes
  16 orb spiders
  2 shadow demons
  2 deep trolls (shapeshifter)
  7 sun moths
  5 glowing orange brains
  5 phantasmal warriors
  8 steelbarb worms
  7 arcanists
  A flayed ghost (Depths:1)
  2 orange crystal statues
  6 deep elf archers
  11 lindwurms
  3 necromancers
  15 orc knights
  23 harpies
  An obsidian statue (Zot:5)
  24 ironbound convokers
  A lindwurm (shapeshifter) (D:15)
  24 deep elf zephyrmancers
  2 oklob plants (Spider:3)
  11 orc sorcerers
  35 wolf spiders
  31 ugly things
  4 cyclopes
  A shining eye (shapeshifter) (Depths:1)
  25 deep elf pyromancers
  2 shining eyes (Depths:2)
  A human zombie (Vaults:3)
  7 fauns
  A salamander (shapeshifter) (Vaults:3)
  A human skeleton (Vaults:3)
  14 manticores
  8 salamanders
  32 moths of wrath
  4 black mambas
  2 kobold blastminers
  A meliai (shapeshifter) (Vaults:3)
  A stone giant skeleton (Depths:2)
  14 merfolk sirens
  3 meliai (D:14)
  2 smoke demons
  25 vault sentinels
  An elephant (shapeshifter) (Vaults:3)
  4 elephants (Lair:1)
  5 rust devils
  An ice statue (Lair:4)
  2 torpor snails
  A fire giant skeleton (Vaults:3)
  6 gargoyles
  An orange demon (D:11)
  An unseen horror (shapeshifter) (Vaults:3)
  5 water nymphs
  3 large abominations
  2 torpor snails (shapeshifter)
  4 rime drakes
  An efreet (D:15)
  A komodo dragon (shapeshifter) (D:15)
  A moth of wrath (shapeshifter) (Vaults:5)
  28 cane toads
  4 ice devils
  3 freezing wraiths
  Jeremiah (Lair:1)
  A kobold demonologist (D:8)
  21 yaktaurs
  Maggie (Lair:1)
  13 komodo dragons
  A guardian mummy (D:11)
  2 merfolk (shapeshifter)
  7 tengu conjurers
  A queen bee (Lair:3)
  6 trolls
  5 polar bears
  A hornet (shapeshifter) (Vaults:3)
  29 merfolk
  9 hornets
  A glass eye (Depths:4)
  11 wind drakes
  2 raiju (D:15)
  4 tyrant leeches
  39 tarantellas
  22 blink frogs
  A raiju (shapeshifter) (D:15)
  15 dream sheep
  2 dream sheep (shapeshifter)
  33 slime creatures
  37 jumping spiders
  6 snapping turtles
  38 culicivoras
  5 shadows
  6 wyverns
  11 water elementals
  A yak (shapeshifter) (Vaults:2)
  2 vampires
  3 air elementals
  A human (D:14)
  3 wraiths
  57 yaks
  9 basilisks
  A basilisk (shapeshifter) (D:15)
  Grum (Lair:1)
  2 fire elementals
  A steam dragon (D:7)
  5 vampire mosquitoes
  A redback (shapeshifter) (Vaults:5)
  54 redbacks
  A chaos spawn (D:7)
  3 acid dragons
  15 water moccasins
  Duvessa (D:6)
  3 meliai simulacra (D:15)
  24 orc warriors
  3 black bears
  11 ice beasts
  A sky beast (shapeshifter) (Elf:3)
  An ettin simulacrum (Vaults:3)
  3 laughing skulls
  An ogre (shapeshifter) (Vaults:3)
  18 wolves
  21 ogres
  5 boggarts
  12 centaurs
  2 phantoms (D:6)
  5 kobold brigands
  28 bullfrogs
  2 gnoll sergeants
  An earth elemental (Elf:3)
  A scorpion (D:5)
  A wight (D:9)
  Dowan (D:6)
  24 killer bees (Lair:3)
  6 howler monkeys
  9 electric eels
  6 jellies
  17 orc priests
  A gnoll bouda (D:7)
  An iron imp (D:9)
  Crazy Yiuf (D:2)
  2 sleepcaps
  4 iguanas
  30 orc wizards
  A centaur simulacrum (D:10)
  14 gnolls
  4 adders
  A howler monkey simulacrum (D:10)
  2 white imps
  2 ufetubi
  2 dart slugs
  4 ribbon worms
  72 orcs
  11 endoplasms
  3 giant cockroaches
  6 goblins
  9 hobgoblins
  10 jackals
  6 quokkas
  6 ball pythons
  5 bats
  6 frilled lizards
  30 kobolds
  4 rats
  2 aspiring fleshes
  8 tentacles
2344 creatures vanquished.

Vanquished Creatures (others)
  A deep elf blademaster (Elf:3)
  A rakshasa (D:15)
  A two-headed ogre (Vaults:5)
  A sixfirhy (Zot:5)
  A deep troll (Vaults:3)
  2 fauns (Shoals:3)
  A manticore (Shoals:4)
  2 merfolk sirens (Shoals:3)
  A water elemental (Shoals:4)
  An orc (D:10)
  A kobold (D:6)
  16 tentacles
29 creatures vanquished.

Grand Total: 2373 creatures vanquished

Notes
Turn   | Place    | Note
-------+----------+-------------------------------------------
     0 | D:1      | seeu12 the Vine Stalker Fighter began the quest for the
                  | Orb.
     0 | D:1      | Reached XP level 1. HP: 11/11 MP: 2/2
   218 | D:1      | Reached XP level 2. HP: 12/16 MP: 1/3
   729 | D:1      | Reached skill level 3 in Unarmed Combat
   731 | D:1      | Reached XP level 3. HP: 20/20 MP: 1/4
  1046 | D:2      | Found a faded altar of an unknown god.
  1168 | D:2      | Reached XP level 4. HP: 24/24 MP: 5/5
  1275 | D:2      | You fall into a shaft and drop 2 floors!
  1284 | D:4      | Found an ornate altar of the Wu Jian Council.
  1407 | D:4      | Found a hazy altar of Hepliaklqana.
  1469 | D:4      | Reached skill level 4 in Unarmed Combat
  1477 | D:4      | Found a runed translucent door.
  1477 | D:4      | Noticed Remcycle's ghost (amateur MfGl)
  1540 | D:4      | Reached XP level 5. HP: 28/28 MP: 4/6
  1619 | D:3      | Found a hide-covered altar of Uskayaw.
  1987 | D:2      | Found a runed translucent door.
  1988 | D:2      | Noticed Crazy Yiuf
  2003 | D:2      | Killed Crazy Yiuf
  2236 | D:3      | Found a snail-covered altar of Cheibriados.
  2783 | D:4      | Reached skill level 5 in Unarmed Combat
  2793 | D:4      | Found a staircase to the Ecumenical Temple.
  2852 | D:4      | Reached XP level 6. HP: 33/33 MP: 7/7
  2882 | Temple   | Entered the Ecumenical Temple
  2889 | Temple   | Became a worshipper of Warmaster Okawaru
  3111 | D:5      | Entered Level 5 of the Dungeon
  3265 | D:5      | Found Silad's Assorted Antiques.
  3271 | D:5      | Bought a scroll of identify for 56 gold pieces
  3271 | D:5      | Identified a scroll of acquirement
  3272 | D:5      | Acquired 546 gold pieces
  3274 | D:5      | Bought a scroll of identify for 56 gold pieces
  3403 | D:5      | Reached skill level 6 in Unarmed Combat
  3403 | D:5      | Reached XP level 7. HP: 31/38 MP: 4/8
  3412 | D:5      | Found Qecy's Distillery.
  3417 | D:5      | Bought a potion of haste for 120 gold pieces
  3489 | D:5      | Found Niegrye's Distillery.
  3496 | D:5      | Bought a potion of degeneration for 10 gold pieces
  3496 | D:5      | Bought a potion of curing for 30 gold pieces
  3530 | D:5      | Reached * piety under Okawaru
  3745 | D:5      | Reached skill level 1 in Invocations
  3752 | D:5      | Reached skill level 5 in Fighting
  4112 | D:5      | Found Suda's Book Emporium.
  4165 | D:5      | Found Tuofump's Antique Armour Shop.
  4173 | D:5      | Bought an ancient cloak for 209 gold pieces
  4173 | D:5      | Identified the +5 cloak "Bilonir" {Stlth+} (You bought it
                  | in a shop on level 5 of the Dungeon)
  4184 | D:5      | Bought a pair of runed boots for 165 gold pieces
  4277 | D:6      | Reached skill level 7 in Unarmed Combat
  4277 | D:6      | Gained mutation: You have razor-sharp teeth. [Vine Stalker
                  | growth]
  4277 | D:6      | Reached XP level 8. HP: 32/43 MP: 5/10
  4330 | D:6      | Reached ** piety under Okawaru
  4502 | D:6      | Reached skill level 8 in Unarmed Combat
  5136 | D:6      | Noticed Dowan
  5137 | D:6      | Noticed Duvessa
  5161 | D:6      | Killed Duvessa
  5162 | D:6      | Reached XP level 9. HP: 45/48 MP: 10/13
  5174 | D:6      | Killed Dowan
  5366 | D:6      | Found a shadowy altar of Dithmenos.
  5366 | D:6      | Found a broken altar of Ashenzari.
  5514 | D:6      | Reached *** piety under Okawaru
  5583 | D:7      | Reached skill level 9 in Unarmed Combat
  5777 | D:7      | Reached skill level 1 in Throwing
  5825 | D:7      | Reached skill level 1 in Dodging
  6002 | D:7      | Noticed a gargoyle
  6002 | D:7      | Noticed a manticore
  6008 | D:7      | Reached **** piety under Okawaru
  6014 | D:7      | Noticed a troll
  6018 | D:7      | Killed a manticore
  6019 | D:7      | Reached skill level 5 in Invocations
  6020 | D:7      | Killed a gargoyle
  6021 | D:7      | Reached XP level 10. HP: 39/53 MP: 14/14
  6027 | D:7      | Reached skill level 10 in Unarmed Combat
  6294 | D:7      | Found an opulent altar of Gozag.
  6294 | D:7      | Found a sparkling altar of Nemelex Xobeh.
  6360 | D:7      | Found Syfy's Distillery.
  6372 | D:7      | Bought a potion of haste for 140 gold pieces
  6467 | D:7      | Found a shimmering altar of Xom.
  6580 | D:8      | Reached ***** piety under Okawaru
  6588 | D:8      | Noticed a kobold demonologist
  6590 | D:8      | Noticed an orange demon
  6600 | D:8      | Killed a kobold demonologist
  6608 | D:8      | Noticed a two-headed ogre
  6618 | D:8      | Killed a two-headed ogre
  6721 | D:8      | Found a white marble altar of Elyvilon.
  6743 | D:8      | Noticed Gastronok
  6765 | D:8      | Killed Gastronok
  6765 | D:8      | Received a gift from Okawaru
  6766 | D:8      | Reached XP level 11. HP: 48/56 MP: 16/16
  7075 | D:9      | Reached skill level 11 in Unarmed Combat
  7092 | D:9      | Reached skill level 5 in Shields
  7466 | D:9      | Acquired 881 gold pieces
  7503 | D:9      | Noticed Erica
  7512 | D:9      | Killed Erica
  7513 | D:9      | Reached skill level 5 in Armour
  7817 | D:9      | Received a gift from Okawaru
  8109 | D:10     | Entered Level 10 of the Dungeon
  8569 | D:10     | Reached skill level 5 in Throwing
  8629 | D:10     | Found a basalt altar of Yredelemnul.
  8762 | D:10     | Reached skill level 12 in Unarmed Combat
  8850 | D:10     | Reached XP level 12. HP: 62/62 MP: 18/18
  9506 | D:11     | Noticed a two-headed ogre
  9520 | D:11     | Killed a two-headed ogre
  9520 | D:11     | Received a gift from Okawaru
  9560 | D:11     | Noticed a two-headed ogre
  9567 | D:11     | Killed a two-headed ogre
  9568 | D:11     | Reached skill level 5 in Dodging
  9723 | D:11     | Noticed a boulder beetle
  9787 | D:11     | Killed a boulder beetle
  9877 | D:11     | Found a staircase to the Lair.
  9914 | D:11     | Noticed Lodul
  9934 | D:11     | Killed Lodul
 10062 | D:11     | Reached skill level 13 in Unarmed Combat
 10169 | D:11     | Found a portal to a secret trove of treasure.
 10295 | D:11     | Found a staircase to the Orcish Mines.
 10336 | Lair:1   | Entered Level 1 of the Lair of Beasts
 10362 | Lair:1   | Reached ****** piety under Okawaru
 10365 | Lair:1   | Acquired a +2 quick blade of flaming
 10365 | Lair:1   | Received a gift from Okawaru
 10366 | Lair:1   | Acquired the +0 pair of boots of Faumogof {rElec}
 10366 | Lair:1   | Received a gift from Okawaru
 10431 | Lair:1   | Noticed Jeremiah
 10441 | Lair:1   | Killed Jeremiah
 10470 | Lair:1   | Received a gift from Okawaru
 10582 | Lair:1   | Noticed Maggie
 10592 | Lair:1   | Killed Maggie
 10609 | Lair:1   | Noticed Grum
 10617 | Lair:1   | Killed Grum
 10792 | Lair:1   | Reached skill level 14 in Unarmed Combat
 10792 | Lair:1   | Reached XP level 13. HP: 69/69 MP: 20/20
 10818 | Lair:1   | Reached skill level 1 in Shapeshifting
 11212 | Lair:2   | Found a staircase to the Shoals.
 11244 | Lair:2   | Received a gift from Okawaru
 11562 | Lair:2   | Found a hole to the Spider Nest.
 11807 | Lair:2   | Identified the +5 scale mail of the Baker {rElec SInv
                  | Stlth+}
 12427 | Lair:3   | Received a gift from Okawaru
 12596 | Lair:3   | Reached skill level 15 in Unarmed Combat
 13378 | Lair:3   | Reached skill level 5 in Shapeshifting
 13772 | Lair:4   | Received a gift from Okawaru
 13865 | Lair:4   | Reached XP level 14. HP: 75/75 MP: 21/21
 14174 | Lair:3   | Received a gift from Okawaru
 14783 | Lair:5   | Entered Level 5 of the Lair of Beasts
 14812 | Lair:4   | Received a gift from Okawaru
 14905 | Lair:4   | Reached skill level 16 in Unarmed Combat
 15105 | Lair:4   | Received a gift from Okawaru
 15423 | Lair:5   | Received a gift from Okawaru
 15610 | Lair:5   | Reached XP level 15. HP: 79/79 MP: 22/22
 15772 | Lair:5   | Received a gift from Okawaru
 15800 | Lair:5   | Found a staircase to the Slime Pits.
 16215 | Lair:5   | Found a blossoming altar of Fedhas.
 16485 | Orc:1    | Entered Level 1 of the Orcish Mines
 16826 | Orc:1    | Noticed Nergalle
 16839 | Orc:1    | Killed Nergalle
 16965 | Orc:2    | Entered Level 2 of the Orcish Mines
 17236 | Orc:2    | Reached skill level 17 in Unarmed Combat
 17264 | Orc:2    | Found a staircase to the Elven Halls.
 17500 | Orc:2    | Received a gift from Okawaru
 18202 | Orc:2    | Found Patyts's Magic Scroll Boutique.
 18220 | Orc:2    | Bought a scroll of blinking for 135 gold pieces
 18220 | Orc:2    | Bought a scroll of blinking for 135 gold pieces
 18220 | Orc:2    | Bought a scroll of identify for 36 gold pieces
 18238 | Orc:2    | Found an ancient bone altar of Kikubaaqudgha.
 18286 | Orc:2    | Found Xuneaf's Book Shop.
 18316 | Orc:2    | Found a radiant altar of Vehumet.
 18343 | Orc:2    | Found Ezeq's Antique Weapon Boutique.
 18419 | Orc:2    | Found Ylibb's Magic Scroll Boutique.
 18427 | Orc:2    | Bought a scroll of acquirement for 832 gold pieces
 18427 | Orc:2    | Bought a scroll of identify for 32 gold pieces
 18427 | Orc:2    | Bought a scroll of teleportation for 48 gold pieces
 18427 | Orc:2    | Bought a scroll of blinking for 120 gold pieces
 18427 | Orc:2    | Bought a scroll of teleportation for 48 gold pieces
 18427 | Orc:2    | Acquired 646 gold pieces
 18619 | D:12     | Found Uxtaewk's Assorted Antiques.
 18665 | D:12     | Bought a potion of invisibility for 152 gold pieces
 18696 | D:11     | Received a gift from Okawaru
 18798 | D:12     | Found Utiluyja's Antique Armour Emporium.
 18803 | D:12     | Bought bloodstained steam dragon scales for 1260 gold
                  | pieces
 18803 | D:12     | Identified the +2 steam dragon scales "Adaigear" {Regen+
                  | Str+5} (You bought it in a shop on level 12 of the Dungeon)
 18803 | D:12     | Bought an embroidered scarf for 224 gold pieces
 18834 | D:12     | Identified the maw talisman of the Unbroken {rCorr}
 18868 | D:12     | Found Laschym's Distillery.
 18879 | D:12     | Found Biwij's Assorted Antiques.
 18885 | D:12     | Bought a glowing hat for 273 gold pieces
 18885 | D:12     | Bought a glowing helmet for 292 gold pieces
 18925 | D:12     | Found Kolifivu's Book Boutique.
 20418 | D:14     | Received a gift from Okawaru
 20471 | D:14     | Reached XP level 16. HP: 81/84 MP: 21/23
 20478 | D:14     | Reached skill level 18 in Unarmed Combat
 20786 | D:14     | Found a gate to the Vaults.
 21172 | D:15     | Entered Level 15 of the Dungeon
 21286 | D:15     | Learned a level 4 spell: Manifold Assault
 21344 | D:15     | Received a gift from Okawaru
 21382 | D:15     | Identified the staff "Wupsuetz" {rElec rC++ Air}
 21439 | D:15     | Reached skill level 1 in Spellcasting
 21439 | D:15     | Reached skill level 1 in Translocations
 21489 | D:15     | Found a staircase to the Depths.
 21517 | D:15     | Identified the staff "Suenn" {rF+ Str+2 Stlth+ Fire Air}
 21924 | D:15     | Received a gift from Okawaru
 21931 | D:15     | Reached skill level 19 in Unarmed Combat
 22238 | D:15     | Paralysed by an air elemental for 1 turns
 22434 | D:15     | Got the Grimoire of Petrified Thunder
 22847 | Shoals:1 | Entered Level 1 of the Shoals
 22911 | Shoals:1 | Found a runed translucent door.
 22913 | Shoals:1 | Noticed Esequ's ghost (adept FoHs)
 22914 | Shoals:1 | Found a frozen archway.
 22927 | Shoals:1 | HP: 4/84 [wind drake/the air (15)]
 23049 | IceCv    | Entered an ice cave
 23056 | IceCv    | HP: 3/84 [caustic shrike simulacrum (7)]
 23056 | IceCv    | HP: 1/84 [constriction (2)]
 23057 | IceCv    | Found a transporter.
 23434 | Shoals:1 | Received a gift from Okawaru
 24051 | Shoals:1 | Killed Esequ's ghost
 24112 | Shoals:2 | Found Pouzaiw's Weapon Shop.
 24152 | Shoals:2 | Found Usoov's Book Emporium.
 24189 | Shoals:2 | Found Soleux's Jewellery Shoppe.
 24206 | Shoals:2 | Found Hoceih Cisi's Assorted Antiques.
 24263 | Shoals:2 | Reached XP level 17. HP: 86/88 MP: 23/25
 24447 | Shoals:2 | Found Gotumeipi's Armour Shop.
 24622 | Shoals:2 | Reached skill level 10 in Fighting
 24678 | Shoals:2 | Reached skill level 5 in Spellcasting
 24681 | Shoals:2 | Reached skill level 5 in Translocations
 24714 | Shoals:2 | Received a gift from Okawaru
 24797 | Shoals:2 | Noticed Ilsuiw
 25219 | Shoals:2 | Killed Ilsuiw
 25226 | Shoals:2 | Reached skill level 10 in Invocations
 25487 | Shoals:3 | Noticed a kraken
 25697 | Shoals:3 | Killed a kraken
 25751 | Shoals:3 | Found a flickering gateway to a bazaar.
 25761 | Bazaar   | Entered a bazaar
 25800 | Bazaar   | Found Niuny's Book Boutique.
 25822 | Bazaar   | Found Peotwo's General Store.
 25843 | Bazaar   | Found Tautow's Antique Armour Boutique.
 25863 | Bazaar   | Found Hubrud's Antique Armour Shoppe.
 25906 | Bazaar   | Bought a crude scarf for 260 gold pieces
 25906 | Bazaar   | Identified the scarf "Loecani" {repulsion, Rampage rC+
                  | Dex+6} (You bought it in a shop in a bazaar)
 25931 | Bazaar   | Bought a glowing tower shield for 262 gold pieces
 26472 | Shoals:3 | Received a gift from Okawaru
 26568 | Shoals:4 | Entered Level 4 of the Shoals
 26631 | Shoals:4 | Noticed a kraken
 26722 | Shoals:4 | Killed a kraken
 26746 | Shoals:4 | Got a barnacled rune of Zot
 26891 | Shoals:4 | Received a gift from Okawaru
 26932 | Shoals:4 | Identified the +1 rapier "Idaicadghi" {drain, +Blink rC+
                  | Will- Str+4}
 27164 | Shoals:4 | Noticed Roxanne
 27192 | Shoals:4 | Killed Roxanne
 27199 | Shoals:4 | Reached XP level 18. HP: 54/96 MP: 12/28
 27433 | Shoals:4 | Received a gift from Okawaru
 28230 | Shoals:2 | Bought the ring "Ylav" {rPois rC- Int+3 SInv Stlth+} for
                  | 333 gold pieces
 28333 | Spider:1 | Entered Level 1 of the Spider Nest
 30052 | Spider:2 | Received a gift from Okawaru
 30076 | Spider:2 | Reached skill level 10 in Shapeshifting
 31153 | Spider:2 | Reached skill level 10 in Translocations
 31343 | Spider:3 | Received a gift from Okawaru
 32046 | Spider:3 | Received a gift from Okawaru
 32100 | Spider:3 | Reached XP level 19. HP: 82/96 MP: 24/29
 33138 | Spider:3 | Received a gift from Okawaru
 33687 | Spider:4 | Entered Level 4 of the Spider Nest
 34265 | Spider:4 | Reached skill level 20 in Unarmed Combat
 35405 | Spider:4 | Received a gift from Okawaru
 35752 | Spider:4 | Got a gossamer rune of Zot
 36081 | Vaults:1 | Entered Level 1 of the Vaults
 36122 | Vaults:1 | Received a gift from Okawaru
 36385 | Vaults:1 | Found a runed translucent door.
 36420 | Vaults:1 | Reached XP level 20. HP: 99/105 MP: 30/30
 36457 | Vaults:1 | Received a gift from Okawaru
 36462 | Vaults:1 | Reached skill level 21 in Unarmed Combat
 36951 | Vaults:1 | Found Itzedide's Distillery.
 36972 | Vaults:1 | Bought a potion of resistance for 120 gold pieces
 37447 | Vaults:1 | Reached skill level 15 in Shapeshifting
 37581 | Vaults:1 | Found Fipupp's Assorted Antiques.
 37604 | Vaults:1 | Received a gift from Okawaru
 37973 | Vaults:1 | Noticed ironshield's ghost (adept DsSu)
 37977 | Vaults:1 | Found the +3 pair of seven-league boots {Rampage+∞}
 38101 | Vaults:1 | Killed ironshield's ghost
 38278 | Vaults:1 | Reached skill level 10 in Shields
 38353 | Vaults:2 | Noticed Zenata
 38373 | Vaults:2 | Killed Zenata
 38417 | Vaults:2 | Received a gift from Okawaru
 38670 | Vaults:2 | Found a staircase to the Crypt.
 38760 | Vaults:2 | Reached skill level 22 in Unarmed Combat
 38871 | Vaults:2 | Received a gift from Okawaru
 39126 | Vaults:2 | Noticed Norris
 39152 | Vaults:2 | Killed Norris
 39273 | Vaults:2 | Reached XP level 21. HP: 109/109 MP: 31/31
 40492 | Crypt:1  | Entered Level 1 of the Crypt
 40528 | Vaults:3 | Noticed Donald
 40534 | Vaults:3 | Killed Donald
 40783 | Vaults:3 | Received a gift from Okawaru
 41377 | Vaults:3 | Found Polo Vov's Weapon Shoppe.
 41470 | Vaults:3 | Received a gift from Okawaru
 42554 | Vaults:3 | Found a runed translucent gate.
 42555 | Vaults:3 | Found a runed translucent gate.
 42555 | Vaults:3 | Found a runed translucent gate.
 42707 | Vaults:3 | Received a gift from Okawaru
 42821 | Vaults:3 | Found a runed translucent gate.
 42821 | Vaults:3 | Found a runed translucent gate.
 42825 | Vaults:3 | Noticed Kimaxt's ghost (veteran DjAE)
 42827 | Vaults:3 | Found a runed translucent gate.
 42850 | Vaults:3 | Gained mutation: You are clumsy. (Dex -2) [a cacodemon]
 42852 | Vaults:3 | Gained mutation: You are very clumsy. (Dex -4) [a
                  | cacodemon]
 42877 | Vaults:3 | Killed Kimaxt's ghost
 42889 | Vaults:3 | Identified the +0 cloak of Hafuzips {Dex+2}
 42899 | Vaults:3 | Gained mutation: You are frail. (-10% HP) [mutagenic glow]
 42912 | Vaults:3 | Gained mutation: You are dopey. (Int -2) [mutagenic glow]
 42918 | Vaults:3 | Gained mutation: Your magical capacity is low. (-10% MP)
                  | [mutagenic glow]
 42926 | Vaults:3 | Gained mutation: You occasionally lose the ability to drink
                  | potions when taking damage. [mutagenic glow]
 42935 | Vaults:3 | Gained mutation: You occasionally shout uncontrollably at
                  | your foes. [mutagenic glow]
 43423 | Vaults:3 | Lost mutation: Your magical capacity is low. (-10% MP)
                  | [potion of mutation]
 43423 | Vaults:3 | Lost mutation: You are very clumsy. (Dex -4) [potion of
                  | mutation]
 43423 | Vaults:3 | Lost mutation: You are dopey. (Int -2) [potion of mutation]
 43423 | Vaults:3 | Lost mutation: You occasionally shout uncontrollably at
                  | your foes. [potion of mutation]
 43423 | Vaults:3 | Gained mutation: Your health recovers twice as slowly from
                  | being drained. [potion of mutation]
 43423 | Vaults:3 | Gained mutation: Your body sometimes deteriorates upon
                  | taking damage. [potion of mutation]
 43424 | Vaults:3 | Lost mutation: You occasionally lose the ability to drink
                  | potions when taking damage. [potion of mutation]
 43424 | Vaults:3 | Lost mutation: You are frail. (-10% HP) [potion of
                  | mutation]
 43424 | Vaults:3 | Lost mutation: Your body sometimes deteriorates upon taking
                  | damage. [potion of mutation]
 43424 | Vaults:3 | Lost mutation: Your health recovers twice as slowly from
                  | being drained. [potion of mutation]
 43424 | Vaults:3 | Gained mutation: You sometimes lose your temper in combat.
                  | [potion of mutation]
 43424 | Vaults:3 | Lost mutation: You are clumsy. (Dex -2) [potion of
                  | mutation]
 43424 | Vaults:3 | Gained mutation: You passively dampen the noise of your
                  | surroundings. [potion of mutation]
 43425 | Vaults:3 | Lost mutation: You passively dampen the noise of your
                  | surroundings. [potion of mutation]
 43425 | Vaults:3 | Lost mutation: You sometimes lose your temper in combat.
                  | [potion of mutation]
 43425 | Vaults:3 | Gained mutation: You are partially covered in iridescent
                  | scales. (AC +2) [potion of mutation]
 43425 | Vaults:3 | Gained mutation: You have supernaturally acute eyesight.
                  | (SInv) [potion of mutation]
 43425 | Vaults:3 | Gained mutation: Your spells are a little harder to cast,
                  | but a little more powerful. [potion of mutation]
 43535 | Vaults:4 | Received a gift from Okawaru
 43551 | Vaults:4 | Reached XP level 22. HP: 115/115 MP: 3/35
 44875 | Vaults:4 | Received a gift from Okawaru
 45434 | Vaults:5 | Entered Level 5 of the Vaults
 45573 | Vaults:4 | Reached skill level 10 in Spellcasting
 45879 | Vaults:5 | Received a gift from Okawaru
 45888 | Vaults:5 | Noticed a golden dragon
 45898 | Vaults:5 | Killed a golden dragon
 46231 | Vaults:5 | Received a gift from Okawaru
 46247 | Vaults:5 | Identified the +7 sling of the Badger {speed, rPois Int+2}
 46479 | Vaults:5 | Noticed a golden dragon
 46483 | Vaults:5 | Killed a golden dragon
 46758 | Vaults:5 | Noticed a golden dragon
 46770 | Vaults:5 | Killed a golden dragon
 46794 | Vaults:5 | Reached XP level 23. HP: 119/119 MP: 14/39
 46805 | Vaults:5 | Identified the +6 chain mail "Wolloj" {MP+9 Str+2 SInv}
 46951 | Vaults:5 | Received a gift from Okawaru
 47351 | Vaults:5 | Identified the +0 plate armour of Poor Excuses {rElec rC-
                  | Dex+2}
 48104 | Vaults:5 | Got a silver rune of Zot
 48355 | Vaults:5 | Got The Foundations of Theurgy
 48575 | Depths:1 | Entered Level 1 of the Depths
 48575 | Depths:1 | Noticed Bai Suzhen
 48579 | Depths:1 | Noticed Saint Roka
 48841 | Depths:1 | Received a gift from Okawaru
 49027 | Depths:1 | Killed Bai Suzhen
 49093 | Depths:1 | Found a gateway to Hell.
 49101 | Depths:1 | Killed Saint Roka
 49192 | Depths:1 | Found Atoinaef's Weapon Shop.
 49357 | Depths:1 | Received a gift from Okawaru
 49905 | Depths:1 | Found a one-way gate to the infinite horrors of the Abyss.
 50050 | Depths:2 | Noticed Sojobo
 50410 | Depths:2 | Paralysed by an air elemental for 1 turns
 50413 | Depths:2 | Paralysed by an air elemental for 1 turns
 50427 | Depths:2 | Killed Sojobo
 50477 | Depths:2 | Received a gift from Okawaru
 50478 | Depths:2 | Noticed the Enchantress
 50489 | Depths:2 | Killed the Enchantress
 50546 | Depths:2 | Reached XP level 24. HP: 127/127 MP: 6/39
 50777 | Depths:2 | Found Coeques's Magic Scroll Shoppe.
 50785 | Depths:2 | Bought a scroll of teleportation for 39 gold pieces
 50785 | Depths:2 | Bought a scroll of teleportation for 39 gold pieces
 50785 | Depths:2 | Bought a scroll of teleportation for 39 gold pieces
 51201 | Depths:2 | Found a one-way gate leading to the halls of Pandemonium.
 51301 | Depths:2 | Found a one-way gateway to a ziggurat.
 51447 | Depths:2 | Reached skill level 10 in Dodging
 51510 | Depths:2 | Found a shimmering blue altar of Sif Muna.
 52090 | Depths:2 | Found a corrupted altar of Lugonu.
 52471 | Depths:2 | Identified the staff of Success {Fly rPois rN+++ Dex-2
                  | Stlth- Alchemy}
 52707 | Depths:3 | Found a gateway to a bazaar.
 52746 | Bazaar   | Entered a bazaar
 52746 | Bazaar   | Found Naxor's Distillery.
 52752 | Bazaar   | Found Xavvupn's Magic Scroll Boutique.
 52754 | Bazaar   | Bought a potion of resistance for 90 gold pieces
 52762 | Bazaar   | Bought a scroll of blinking for 105 gold pieces
 52762 | Bazaar   | Bought a scroll of fear for 56 gold pieces
 52762 | Bazaar   | Bought a scroll of fear for 56 gold pieces
 52762 | Bazaar   | Bought a scroll of teleportation for 42 gold pieces
 52762 | Bazaar   | Bought a scroll of teleportation for 42 gold pieces
 52775 | Bazaar   | Found Onadgh's Weapon Shop.
 52781 | Bazaar   | Found Tinon's Antique Armour Boutique.
 52791 | Bazaar   | Found Ushiro Nota's Antique Weapon Shoppe.
 52977 | D:11     | You paid a toll of 5 potions of resistance to enter a
                  | treasure trove
 52978 | Trove    | Entered a treasure trove
 52980 | Trove    | Identified the +0 kite shield of Xom, Threshing {rN+}
 52986 | Trove    | Identified the amulet "Mora" {Spirit Int+4}
 52995 | Trove    | Identified the +0 hat "Sumugutiom" {Str+5 Slay+3}
 53008 | Trove    | Identified the +2 hat of Ignis's Generosity {rF+ Str+3
                  | Stlth+}
 53017 | Trove    | Identified the ring "Luilunar" {rC+ AC+4}
 53033 | Trove    | Identified the ring "Keitajut" {rC- rCorr Int+8 Dex-4 SInv}
 53062 | Trove    | Identified the ring "Xot Hug" {rC- rN+++ Int+5 Dex+6}
 53075 | Trove    | Identified the ring of the Kissing Genius {Str+6 Int+2}
 53456 | Depths:3 | Found a shimmering blue altar of Sif Muna.
 53465 | Depths:3 | Identified the +6 scale mail of Pouriul {Harm}
 53506 | Depths:3 | Received a gift from Okawaru
 53683 | Depths:3 | Identified the +8 chain mail of the Bulwark {Dex+2}
 54397 | Depths:3 | Noticed Vv
 54410 | Depths:3 | Killed Vv
 54501 | Depths:4 | Entered Level 4 of the Depths
 54776 | Depths:4 | Reached skill level 15 in Shields
 54796 | Depths:4 | Identified the +3 scale mail of Imescha {rC+ rN+ Int+2}
 55299 | Depths:4 | Noticed Jory
 55304 | Depths:4 | Killed Jory
 55415 | Depths:4 | Received a gift from Okawaru
 55502 | Depths:4 | Identified the +1 leather armour of Cury {Int+3}
 55518 | Depths:4 | Found a burning altar of Makhleb.
 55786 | Depths:4 | Found a gate to the Realm of Zot.
 56508 | Zot:1    | Entered Level 1 of the Realm of Zot
 56518 | Zot:1    | Reached XP level 25. HP: 135/135 MP: 18/39
 57261 | Zot:1    | Received a gift from Okawaru
 57276 | Zot:1    | Reached skill level 15 in Fighting
 58076 | Zot:2    | Identified the +5 halberd "Umatyat" {elec, rElec rPois rF-
                  | Str+6}
 58148 | Zot:2    | Received a gift from Okawaru
 58156 | Zot:2    | HP: 5/175 [death cob (8)]
 58227 | Zot:2    | Identified the +3 leather armour of the Thirsty Spines
                  | {rF+}
 58614 | Zot:2    | Noticed a shard shrike
 58627 | Zot:2    | Killed a shard shrike
 58652 | Zot:2    | Noticed a shard shrike
 58655 | Zot:2    | Killed a shard shrike
 59155 | Zot:2    | Found a viscous altar of Jiyva.
 59281 | Zot:2    | Received a gift from Okawaru
 59755 | Zot:3    | Noticed an orb of fire
 59759 | Zot:3    | Gained mutation: Armour fits poorly on your strangely
                  | shaped body. [an orb of fire]
 59764 | Zot:3    | Gained mutation: Your body sometimes deteriorates upon
                  | taking damage. [an orb of fire]
 59766 | Zot:3    | Killed an orb of fire
 60344 | Zot:3    | Reached XP level 26. HP: 56/143 MP: 35/39
 60348 | Zot:3    | Received a gift from Okawaru
 60847 | Zot:3    | Found a stormy altar of Qazlal.
 62210 | Zot:5    | Entered Level 5 of the Realm of Zot
 62624 | Zot:5    | Received a gift from Okawaru
 63046 | Zot:5    | Noticed a dread lich
 63047 | Zot:5    | Noticed a dread lich
 63055 | Zot:5    | Killed a dread lich
 63056 | Zot:5    | Killed a dread lich
 63183 | Zot:5    | Noticed a Killer Klown
 63198 | Zot:5    | Noticed a Killer Klown
 63210 | Zot:5    | Noticed an orb of fire
 63214 | Zot:5    | Killed a Killer Klown
 63215 | Zot:5    | Gained mutation: You occasionally shout uncontrollably at
                  | your foes. [an orb of fire]
 63219 | Zot:5    | Killed an orb of fire
 63227 | Zot:5    | Killed a Killer Klown
 63228 | Zot:5    | Lost mutation: You have supernaturally acute eyesight.
                  | (SInv) [potion of mutation]
 63228 | Zot:5    | Lost mutation: You are partially covered in iridescent
                  | scales. (AC +2) [potion of mutation]
 63228 | Zot:5    | Lost mutation: Armour fits poorly on your strangely shaped
                  | body. [potion of mutation]
 63228 | Zot:5    | Gained mutation: You are partially covered in iridescent
                  | scales. (AC +2) [potion of mutation]
 63229 | Zot:5    | Lost mutation: You are partially covered in iridescent
                  | scales. (AC +2) [potion of mutation]
 63229 | Zot:5    | Lost mutation: Your spells are a little harder to cast, but
                  | a little more powerful. [potion of mutation]
 63229 | Zot:5    | Gained mutation: You possess an exceptional clarity of
                  | mind. [potion of mutation]
 63230 | Zot:5    | Lost mutation: You possess an exceptional clarity of mind.
                  | [potion of mutation]
 63230 | Zot:5    | Lost mutation: You occasionally shout uncontrollably at
                  | your foes. [potion of mutation]
 63230 | Zot:5    | Lost mutation: Your body sometimes deteriorates upon taking
                  | damage. [potion of mutation]
 63230 | Zot:5    | Gained mutation: Your mind is acute. (Int +4, Str/Dex -1)
                  | [potion of mutation]
 63230 | Zot:5    | Gained mutation: Armour fits poorly on your strangely
                  | shaped body. [potion of mutation]
 63283 | Zot:5    | Noticed a Killer Klown
 63292 | Zot:5    | Killed a Killer Klown
 63318 | Zot:5    | Noticed an ancient lich
 63325 | Zot:5    | Killed an ancient lich
 63389 | Zot:5    | Noticed an orb of fire
 63392 | Zot:5    | Killed an orb of fire
 63392 | Zot:5    | Received a gift from Okawaru
 64126 | Elf:1    | Entered Level 1 of the Elven Halls
 64851 | Elf:1    | Got the Dissertation on Helpful Fulmination
 65308 | Elf:2    | Reached XP level 27. HP: 151/151 MP: 35/39
 65759 | Elf:2    | Found a runed translucent gate.
 65760 | Elf:2    | Found a runed translucent gate.
 65790 | Elf:2    | Reached skill level 15 in Dodging
 65971 | Elf:2    | Found a runed translucent gate.
 66210 | Elf:2    | Received a gift from Okawaru
 66604 | Elf:3    | Entered Level 3 of the Elven Halls
 66956 | Depths:2 | Bought a scroll of revelation for 97 gold pieces
 67294 | Elf:3    | Found a flickering gateway to a bazaar.
 67305 | Bazaar   | Entered a bazaar
 67308 | Bazaar   | Found Gocluawo's Weapon Shop.
 67327 | Bazaar   | Found Beeshril's Armour Shop.
 67345 | Bazaar   | Found Gesaz's Weapon Boutique.
 67345 | Bazaar   | Found Giavag's Magic Scroll Shop.
 67357 | Bazaar   | Bought a scroll of teleportation for 36 gold pieces
 67421 | Elf:3    | Identified the serpent talisman of Buesk {Fly rElec Slay+2}
 67421 | Elf:3    | Noticed Aizul
 67429 | Elf:3    | Killed Aizul
 68047 | Elf:3    | Noticed Nikola
 68052 | Elf:3    | Killed Nikola
 68460 | Elf:3    | Identified the +5 scimitar of an ice cave {drain, Str+6
                  | Dex+3 Stlth+}
 68462 | Elf:3    | Received a gift from Okawaru
 68513 | Elf:3    | Identified the +3 glaive of Qoadesk {venom, ^Fragile Str+3
                  | Dex+5}
 68527 | Elf:3    | Identified the +8 dagger "Gugeank" {chaos, Fly rPois Will+
                  | Int+3}
 68657 | Elf:3    | Identified the +9 bardiche of Hiub {elec, rElec Str-3 Dex+7
                  | SInv}
 68657 | Elf:3    | Identified the ring "Abetuibu" {rN+ Dex+6}
 69327 | Zot:5    | Noticed a dread lich
 69330 | Zot:5    | Killed a dread lich
 69878 | Zot:5    | Noticed an orb of fire
 69879 | Zot:5    | Gained mutation: You are clumsy. (Dex -2) [an orb of fire]
 69884 | Zot:5    | Gained mutation: You occasionally lose the ability to drink
                  | potions when taking damage. [an orb of fire]
 69886 | Zot:5    | Gained mutation: Your body sometimes deteriorates upon
                  | taking damage. [an orb of fire]
 69886 | Zot:5    | Gained mutation: You have sharp toenails. [an orb of fire]
 69887 | Zot:5    | Gained mutation: You are weak. (Str -2) [an orb of fire]
 69889 | Zot:5    | Gained mutation: You are vulnerable to cold. (rC-) [an orb
                  | of fire]
 69895 | Zot:5    | Killed an orb of fire
 69912 | Zot:5    | Lost mutation: You are weak. (Str -2) [potion of mutation]
 69912 | Zot:5    | Lost mutation: Your mind is acute. (Int +4, Str/Dex -1)
                  | [potion of mutation]
 69912 | Zot:5    | Lost mutation: You occasionally lose the ability to drink
                  | potions when taking damage. [potion of mutation]
 69912 | Zot:5    | Gained mutation: You have a pair of small horns on your
                  | head. [potion of mutation]
 69912 | Zot:5    | Gained mutation: You are partially covered in iridescent
                  | scales. (AC +2) [potion of mutation]
 69913 | Zot:5    | Lost mutation: You are clumsy. (Dex -2) [potion of
                  | mutation]
 69913 | Zot:5    | Lost mutation: Your body sometimes deteriorates upon taking
                  | damage. [potion of mutation]
 69913 | Zot:5    | Gained mutation: You have a somewhat thin skeletal
                  | structure. (Dex +2, Stealth+) [potion of mutation]
 69914 | Zot:5    | Lost mutation: You are partially covered in iridescent
                  | scales. (AC +2) [potion of mutation]
 69914 | Zot:5    | Lost mutation: Armour fits poorly on your strangely shaped
                  | body. [potion of mutation]
 69914 | Zot:5    | Lost mutation: You have a somewhat thin skeletal structure.
                  | (Dex +2, Stealth+) [potion of mutation]
 69914 | Zot:5    | Gained mutation: You sometimes lose your temper in combat.
                  | [potion of mutation]
 69915 | Zot:5    | Lost mutation: You have sharp toenails. [potion of
                  | mutation]
 69915 | Zot:5    | Lost mutation: You have a pair of small horns on your head.
                  | [potion of mutation]
 69915 | Zot:5    | Lost mutation: You are vulnerable to cold. (rC-) [potion of
                  | mutation]
 69915 | Zot:5    | Gained mutation: You are partially covered in large bone
                  | plates. (SH +4) [potion of mutation]
 69916 | Zot:5    | Lost mutation: You sometimes lose your temper in combat.
                  | [potion of mutation]
 69916 | Zot:5    | Lost mutation: You are partially covered in large bone
                  | plates. (SH +4) [potion of mutation]
 69916 | Zot:5    | Gained mutation: Your mind is acute. (Int +4, Str/Dex -1)
                  | [potion of mutation]
 70649 | Zot:5    | Noticed an orb of fire
 70649 | Zot:5    | Found the +4 dragonskin cloak
 70649 | Zot:5    | Noticed Tiamat
 71266 | Zot:5    | Killed an orb of fire
 71325 | Zot:5    | Killed Tiamat
 71325 | Zot:5    | Received a gift from Okawaru
 71709 | Zot:5    | Got the Orb of Zot
 71721 | Zot:5    | Noticed Jufraege the pandemonium lord
 71740 | Zot:5    | Killed Jufraege the pandemonium lord
 71831 | Zot:3    | Noticed Giapiwn the pandemonium lord
 71941 | Depths:2 | Noticed Zecef the pandemonium lord
 72061 | D:11     | Received a gift from Okawaru
 72085 | D:11     | Noticed Suamyejo the pandemonium lord
 72141 | D:9      | Noticed Pammiep the pandemonium lord
 72189 | D:9      | Noticed Getwos the pandemonium lord
 72203 | D:9      | Killed Getwos the pandemonium lord
 72383 | D:3      | Noticed Gaigha the pandemonium lord
 72398 | D:3      | Killed Gaigha the pandemonium lord
 72464 | D:$      | Escaped with the Orb!

Illustrated notes

Levels and vault maps discovered:
D:1:      psy_arrival_radial02, layout_basic
D:2:      layout_rooms, ebering_ecumenical_altar_hall, kennysheep_another_room,
          serial_bayou_lake_a, uniq_crazy_yiuf_cottage
D:3:      layout_basic, chei_slow_surprise, overflow_temple_1_default
D:4:      layout_basic, mainiacjoe_overflow_boulevard,
          nicolae_wu_jian_wuxing_cycle, minmay_temple_entry_hall,
          hellmonk_ghost_happy_afterlife
D:5:      layout_layer_cave, serial_shops, nicolae_shop_just_a_little_nook,
          nicolae_book_shop_shelving, nicolae_square_shop, shop, shop
D:6:      layout_basic, gammafunk_temple_overflow_pools, uniq_duvessa
D:7:      minmay_the_grid_triangle_9x9_rhombus_thin
          [minmay_the_grid_triangle_9x9_zippers_vertical,
          minmay_the_grid_triangle_9x9_prize_center,
          minmay_the_grid_triangle_9x9_from_above,
          minmay_the_grid_triangle_9x9_odd_lines], layout_cave_pools,
          grunt_temple_overflow_opulence, lemuel_doored_altar, serial_shops,
          nicolae_shop_hallway_plus
D:8:      layout_rooms, old_standard_altar, uniq_gastronok
D:9:      kennysheep_ambush_hall, layout_loops_cross, uniq_erica
D:10:     layout_basic, mainiacjoe_overflow_brackets, serial_ice, serial_ice_a,
          serial_ice_f, serial_ice_o, serial_ice_g
D:11:     layout_roguey, grunt_lair_entry_orc_guard_hut, orc_0_dummy,
          serial_rivers, chequers_serial_rivers_micro_b,
          chequers_serial_rivers_small_b, chequers_serial_rivers_marsh,
          chequers_serial_rivers_micro_d, nicolae_trove_entry_path_of_doom,
          uniq_lodul
D:12:     layout_long_grid, serial_shops, shop, shop, shop,
          nicolae_shop_gibbet_a_chance, kennysheep_little_box
D:13:     layout_rooms
D:14:     layout_loops_ring, grunt_vaults_entry_fortified, chequers_arboretum
D:15:     hangedman_crystal_crosses_colossus [crystal_crosses_arms_four,
          crystal_crosses_arms_two, crystal_crosses_arms_one]
Temple:   nicolae_temple_bog_church
Lair:1:   layout_long_grid, grunt_megastairs_5, lemuel_fruit_tree,
          uniq_jeremiah, uniq_grum, uniq_maggie
Lair:2:   layout_cave_pods, elwin_shoals_entry_stream,
          nicolae_spider_entry_orb_guardian, serial_bayou_shore_b
Lair:3:   layout_cave_pods, special_room [special_room_bee], grunt_megastairs_4
Lair:4:   layout_gridlike, ice2_lemuel
Lair:5:   minmay_lair_end_frog_pond, layout_big_grid, slime_entry_2, tgw_fedhas
Shoals:1: layout_shoals, ebering_ghost_inner_flame,
          portal_ice_cave_entry_pillars_2
Shoals:2: cheibrodos_shoals_epimethial_gifts, layout_shoals, serial_shops,
          nicolae_shop_real_fake_doors, nicolae_shop_behind_doors,
          shop_fountains, shop, nicolae_shop_tiny_real_fake_doors, uniq_ilsuiw
Shoals:3: layout_shoals, serial_shops, freezing_bzr,
          nicolae_shoals_siren_and_animal_friends
Shoals:4: shoals_end_hangedman, layout_shoals, uniq_roxanne
Spider:1: layout_cave_pods
Spider:2: layout_spider_delve, hangedman_spider_mandibles, guppyfry_hornet_nest
Spider:3: spider_temple_joshua, drop_trap
Spider:4: grunt_spider_rune_parallel
Orc:1:    layout_diamond_mine, uniq_nergalle
Orc:2:    kennysheep_orc_mage_school, layout_caves, nicolae_orc_crystal_geode
Elf:1:    layout_loops_cross, minmay_elf_sorcery,
          serial_library_hellmonk_metal_room
Elf:2:    nicolae_elf_blades_crystal_corner, layout_onion_city, serial_sigils,
          serial_sigils_hangedman_gnaw, serial_sigils_hangedman_quiver,
          serial_sigils_hangedman_stare, serial_sigils_hangedman_writhe
Elf:3:    grunt_elf_hall_asides, layout_loops_cross, serial_shops,
          bzr_in_the_mist, uniq_nikola, uniq_aizul
Vaults:1: hellmonk_ghost_big_iron, nicolae_vaults_closet_pinwheel_2,
          nicolae_vaults_double_plus_1, ontoclasm_vaults_hangar,
          hangedman_vaults_stitches, v_misc_29, ontoclasm_vaults_shuriken,
          nicolae_vaults_house_3, vaults_room_grunt_arrival_ludios,
          nicolae_vaults_network_star, dpeg_vaults_waves,
          nicolae_vaults_trapezoid_1, hangedman_vaults_snaps,
          nicolae_vaults_tetromino_Z_2, nicolae_vaults_house_2,
          layout_vaults_big_cross, serial_shops, shop, shop
Vaults:2: nicolae_vaults_octagons, v_rooms_1, nicolae_vaults_trapezoid_3,
          hangedman_vaults_nails, nicolae_vaults_spaceships,
          ontoclasm_vaults_spin, v_misc_16, minmay_crypt_entry_simple_box,
          vaults_mumra_hex, nicolae_vaults_angled_halls, layout_vaults_omnigrid,
          uniq_zenata, uniq_norris
Vaults:3: ploomutoo_gammafunk_ghost_potion_laboratory, minmay_orc_keep,
          nicolae_vaults_stepped_doors, nicolae_vaults_trapezoid_4,
          nicolae_vaults_shrinking_rooms_1, v_rooms_4, v_rooms_6,
          nicolae_vaults_wine_cellar, lightli_church_of_beogh,
          vaults_room_hallway, nicolae_vaults_little_squares_1, v_alt_pattern_3,
          nicolae_vaults_diagonal_hallway_6, layout_vaults_ring, serial_shops,
          nicolae_shop_trees, uniq_donald
Vaults:4: nicolae_vaults_frosty_reception, vaults_room_ringed_pool,
          ontoclasm_vaults_bender, vaults_room_fours, vaults_room_door_ring,
          vaults_dpeg_spiral, v_misc_17, nicolae_vaults_hallways_thing,
          v_misc_33, vaults_mumra_minichess, nicolae_vaults_cochlea,
          layout_vaults_chaotic_city
Vaults:5: serial_shops
Crypt:1:  layout_gridlike, infiniplex_enter_wizlab_glasses,
          gammafunk_ghost_necromancy, weyrava_vampire_temple
Depths:1: layout_cave_pools, ebering_dispersal_statue_hall, hell_entry,
          abyss_entry_crystal, serial_shops, nicolae_shop_rolling_square,
          minmay_protected_statue, kennysheep_random_hallway, uniq_bai_suzhen,
          uniq_saint_roka
Depths:2: minmay_crystal_thing, layout_basic, enter_ziggurat_c,
          nicolae_twisty_statue_hallways, serial_shops, shop,
          grunt_pan_entry_zigzag, abyss_entry_flame_altar, hangedman_geh_valley,
          minmay_fire_ice_demons, infiniplex_staircase_pool_lava,
          uniq_enchantress, uniq_sojobo
Depths:3: minmay_octo_star, layout_twisted_cross, hell_entry,
          nicolae_sif_muna_condensation, abyss_entry_glasseish, serial_shops,
          bzr_entry_gold, uniq_vv
Depths:4: grunt_zot_entry_funnels, layout_honeycomb, grunt_decor_junction,
          hell_entry, rand_demon_pan_entry_1, makhleb_altar_promises_db,
          uniq_jory
Zot:1:    layout_gridlike
Zot:2:    minmay_elemental_castle, layout_twisted_circle,
          regret_index_zotdec_slimy_original
Zot:3:    layout_gridlike, regret_index_zotdec_storm_pass
Zot:4:    layout_gridlike, regret_index_zotdec_fiery_em
Zot:5:    layout_twisted_circle, hangedman_zot_decor_slant, uniq_tiamat

Skill      XL: |  1  2  3  4  5  6  7  8  9 10 11 12 13 14 15 16 17 18 19 20 21 22 23 24 25 26 27 |
---------------+----------------------------------------------------------------------------------+-----
Fighting       | 3 4 5 6 8 9 11 12 13 14 16 17 19 | 19.4
Unarmed Combat | 3 4 5 6 7 8 9 10 12 14 15 16 17 19 20 22 | 22.3
Invocations    | 2 4 5 6 7 8 9 11 12 | 12.0
Throwing       | 2 3 5 |  5.2
Shields        | 3 4 5 6 7 8 9 10 12 13 14 15 16 17 19 | 19.4
Dodging        | 2 3 4 5 6 8 9 11 13 14 16 | 16.6
Armour         | 3 4 5 7 8 |  8.0
Shapeshifting  | 5 6 8 11 14 16 18 19 20 | 20.0
Spellcasting   | 4 6 8 11 | 11.0
Translocations | 4 8 10 12 | 12.0

Action                     |  1- 3 |  4- 6 |  7- 9 | 10-12 | 13-15 | 16-18 | 19-21 | 22-24 | 25-27 || total
---------------------------+-------+-------+-------+-------+-------+-------+-------+-------+-------++-------
  Melee: Unarmed           |   109 |   197 |   269 |   590 |  1331 |  1534 |  1523 |  1218 |  1269 ||  8040
         Bite              |    26 |    58 |    93 |   233 |   477 |   613 |   543 |   179 |   270 ||  2492
         Kick              |       |       |       |       |       |       |       |       |     3 ||     3
  Throw: Throwing net      |       |       |       |     5 |       |       |       |       |       ||     5
         Boomerang         |       |       |       |    18 |    57 |    36 |    16 |       |       ||   127
         Javelin           |       |       |       |     3 |    14 |    17 |    35 |     7 |       ||    76
   Cast: Manifold Assault  |       |       |       |       |       |       |   230 |   663 |   603 ||  1496
 Invoke: Heroism           |       |       |     1 |     6 |     4 |    12 |    10 |     7 |     5 ||    45
         Receive Weapon    |       |       |       |     1 |       |       |       |       |       ||     1
         Receive Armour    |       |       |       |     1 |       |       |       |       |       ||     1
         Finesse           |       |       |       |       |       |     4 |     3 |     1 |     3 ||    11
  Evoke: Wand              |       |       |       |    11 |     5 |     6 |       |       |     4 ||    26
    Use: Scroll            |       |     9 |     2 |    16 |    11 |    16 |     5 |    11 |    21 ||    91
         Potion            |       |       |     2 |       |       |     6 |     6 |       |    13 ||    27
   Stab: Held in net/web   |       |       |       |     3 |       |       |       |       |       ||     3
         Distracted        |       |       |       |     1 |     2 |     2 |     3 |     1 |     1 ||    10
         Sleeping          |       |       |       |       |     7 |    12 |     2 |       |     1 ||    22
         Paralysed         |       |       |       |       |     3 |       |       |       |       ||     3
         Invisible         |       |       |       |       |       |     1 |       |       |       ||     1
         Fleeing           |       |       |       |       |       |       |       |       |     1 ||     1
 Armour: Scale mail        |    72 |    81 |   152 |       |       |       |       |       |       ||   305
         Steam dragon scal |       |       |    29 |     6 |    51 |   664 |   423 |       |    23 ||  1196
         Troll leather arm |       |       |       |   221 |   456 |       |       |       |       ||   677
         Skin              |       |       |       |       |       |       |   133 |   513 |   483 ||  1129
  Dodge: Dodged            |    38 |    57 |    89 |   241 |   684 |   513 |   434 |   377 |   470 ||  2903
         Repelled          |       |       |       |       |       |     8 |     9 |    19 |    27 ||    63
  Block: Buckler           |    25 |    47 |   131 |   272 |   723 |       |       |       |       ||  1198
         Reflection        |       |     4 |     6 |     8 |    32 |    91 |    40 |    63 |    51 ||   295
         Kite shield       |       |       |       |    35 |       |       |       |       |       ||    35
         Tower shield      |       |       |       |       |    87 |  1851 |  1870 |  1159 |  1139 ||  6106
   Form: Statue            |       |       |       |       |       |       |     1 |       |       ||     1
                           |       |       |       |       |       |       |       |       |     1 ||     1

Table legend: (Time is in decaauts)
 A = Elapsed time spent in this place.
 B = Non-inter-level travel time spent in this place.
 C = Inter-level travel time spent in this place.
 D = Time resting spent in this place.
 E = Time spent auto-exploring this place.
 F = Levels seen in this place.
 G = Mean time per level.
                   A        B        C        D        E       F      G
               +--------+--------+--------+--------+--------+-----+--------+
         Total |  86379 |  79484 |   6895 |  15057 |  46873 |  54 | 1599.6 |
       Dungeon |  16344 |  14110 |   2234 |    988 |   9367 |  15 | 1089.6 |
        Temple |     14 |      8 |      6 |      0 |      0 |   1 |   14.0 |
          Lair |   6015 |   5542 |    473 |    112 |   3620 |   5 | 1203.0 |
        Shoals |   5101 |   4898 |    203 |    597 |   2561 |   4 | 1275.2 |
   Spider Nest |   7479 |   6923 |    556 |   2032 |   2323 |   4 | 1869.8 |
  Orcish Mines |   2203 |   1614 |    589 |    174 |    896 |   2 | 1101.5 |
   Elven Halls |   6499 |   6004 |    495 |    680 |   4537 |   3 | 2166.3 |
        Vaults |  16316 |  15587 |    729 |   2921 |  10040 |   5 | 3263.2 |
         Crypt |      2 |      2 |      0 |      0 |      0 |   1 |    2.0 |
        Depths |  11369 |  10415 |    954 |   2067 |   6986 |   4 | 2842.2 |
           Zot |  14246 |  13593 |    653 |   5485 |   6012 |   5 | 2849.2 |
        Bazaar |    444 |    444 |      0 |      0 |    307 |   3 |  148.0 |
         Trove |    331 |    331 |      0 |      0 |    222 |   1 |  331.0 |
      Ice Cave |     11 |     11 |      0 |      0 |      0 |   1 |   11.0 |
               +--------+--------+--------+--------+--------+-----+--------+

Top non-repeatable levels by time:
   Zot:5: 5855 daAuts
Vaults:3: 3941 daAuts
Depths:2: 3746 daAuts
Vaults:5: 3661 daAuts
Vaults:4: 3572 daAuts
   Zot:2: 3439 daAuts
Depths:4: 3386 daAuts
Vaults:2: 2984 daAuts
   Elf:3: 2574 daAuts
Spider:3: 2310 daAuts
Depths:1: 2303 daAuts
Vaults:1: 2156 daAuts
   Elf:2: 2071 daAuts
Depths:3: 1933 daAuts
Spider:2: 1878 daAuts
